 Dungeon Crawl Stone Soup version 0.23-a0-301-g9da9e51 (webtiles) character file.

59 mopl the Vexing (level 3, 0/24 HPs)
             Began as a Demonspawn Enchanter on Oct 7, 2018.
             Slain by an orc wizard
             ... wielding a +0 dagger
              (3 damage)
             ... on level 3 of the Dungeon.
             The game lasted 00:05:28 (2618 turns).

mopl the Vexing (Demonspawn Enchanter)              Turns: 2618, Time: 00:05:29

Health: 0/24       AC:  4    Str:  8    XL:     3   Next: 78%
Magic:  2/6        EV: 12    Int: 16    God:
Gold:   133        SH:  0    Dex: 14    Spells: 0/6 levels left

rFire    . . .     SeeInvis .   a - +1 dagger
rCold    . . .     Gourm    +   (no shield)
rNeg     . . .     Faith    .   c - +0 robe
rPois    .         Spirit   .   (no helmet)
rElec    .         Reflect  .   (no cloak)
rCorr    .         Harm     .   (no gloves)
MR       .....                  (no boots)
Stlth    ++........             o - amulet of the gourmand
HPRegen  0.08/turn              (no ring)
MPRegen  0.10/turn              (no ring)

@: very slightly contaminated, invisible
A: molten scales 1
a: no special abilities


You were on level 3 of the Dungeon.
You were full.

You visited 1 branch of the dungeon, and saw 3 of its levels.

You collected 133 gold pieces.

Inventory:

Hand Weapons
 a - a +1 dagger (weapon)
 b - a +0 hunting sling
 r - a +2 hunting sling of flaming
Missiles
 e - 67 stones (quivered)
Armour
 c - a +0 robe (worn)
 k - a +0 large shield
 q - a +0 shield
Magical Staves
 t - an uncursed staff of death
Jewellery
 o - an amulet of the gourmand (around neck)
Scrolls
 f - a scroll of identify
 g - a scroll of fear {unknown}
 i - a scroll of magic mapping {unknown}
 l - 2 scrolls of teleportation {unknown}
 n - 2 scrolls of enchant armour {unknown}
 p - a scroll of fog {unknown}
Potions
 j - 2 potions of magic
 m - a potion of haste
Comestibles
 d - 7 rations


   Skills:
 - Level 0.8 Short Blades
 - Level 1.7 Dodging
 * Level 3.5 Stealth
 + Level 2.3 Spellcasting
 * Level 3.6 Hexes
 + Level 0.7 Ice Magic


You couldn't memorise any spells.
You knew the following spells:

 Your Spells              Type           Power        Failure   Level  Hunger
a - Corona                Hex            ##.....      4%          1    #......
b - Ensorcelled Hibernat  Hex/Ice        #.....       12%         2    ###....
c - Confuse               Hex            ##......     13%         3    ###....

Your spell library contained the following spells:

 Spells                   Type           Power        Failure   Level  Hunger
 Tukima's Dance           Hex            ##......     13%         3    ###....
 Dazzling Spray           Conj/Hex       #.....       28%         3    ###....


Dungeon Overview and Level Annotations

Branches:
Dungeon (3/15)

Altars:
Ashenzari
Cheibriados
Wu Jian
Xom


Innate Abilities, Weirdness & Mutations

You are partially covered in molten scales. (AC +2)


Message History

Something hits you but does no damage.
Deactivating autopickup; reactivate with Ctrl-A.
The orc wizard mumbles some strange words.
The orc wizard flickers and vanishes!
You hit something but do no damage. Something hits you but does no damage.
Something hits you.
* * * LOW HITPOINT WARNING * * *
You fade into invisibility!
Something hits you but does no damage.
You are very lightly contaminated with residual magic.
You closely miss something.
Something hits you but does no damage. x2
You hit something. Something hits you but does no damage.
You hit something. Something hits you.
* * * LOW HITPOINT WARNING * * *
Something hits you but does no damage.
You barely miss something.
You feel less wooden.
Your +0 robe unmelds from your body.
Something hits you but does no damage.
You miss something. Something hits you.
You die...

#.#...# ##.......## ##.###.#
####....####.........####...##.##
...........'.........+..........#
#####...####.........####....<#.#
#..## ##.......## ##......# #.##
##.....## ##.##### #.# ##...##
#.# ##.## ##'## #.# ##.#.##
#@##########.# #.###.#
#{#........#.# ###.#.##
##g#.##.......# #......#
##ol..##.###.###
#.##.#.######.....##.# #.#
#.##.#...............# #.#
#.##.#..#######.#.######.#
#.##....# #.#........# #.####.##
#.##########


You could see an orc, a leopard gecko and a goblin.

Vanquished Creatures
  An ooze (D:3)
  3 worms
  A dart slug (D:2)
  A giant cockroach (D:1)
  4 goblins
  8 hobgoblins
  5 kobolds
  4 bats
  2 frilled lizards (D:3)
  17 rats
46 creatures vanquished.

Notes
Turn   | Place    | Note
-------+----------+-------------------------------------------
     0 | D:1      | mopl the Demonspawn Enchanter began the quest for the Orb.
     0 | D:1      | Reached XP level 1. HP: 13/13 MP: 3/3
   524 | D:1      | Gained mutation: You are partially covered in molten
                  | scales. (AC +2) [demonic ancestry]
   524 | D:1      | Reached XP level 2. HP: 18/19 MP: 0/5
   528 | D:1      | Learned a level 2 spell: Ensorcelled Hibernation
   537 | D:1      | Reached skill level 3 in Stealth
  1213 | D:2      | Found a shattered altar of Ashenzari.
  1383 | D:2      | Reached XP level 3. HP: 24/24 MP: 4/6
  1388 | D:2      | Learned a level 3 spell: Confuse
  1583 | D:2      | Found a shimmering altar of Xom.
  1584 | D:2      | Found a shimmering altar of Xom.
  1587 | D:2      | Found a shimmering altar of Xom.
  1589 | D:2      | Found a shimmering altar of Xom.
  1793 | D:2      | Found a snail-covered altar of Cheibriados.
  2289 | D:3      | Found an ornate altar of the Wu Jian Council.
  2618 | D:3      | Slain by an orc wizard

Vault maps used:
D:1:      erik_arrival_orb_chamber
D:2:      ashenzari_conservatory_becter, kennysheep_slug_shrine, first_ration,
          xom_redecorated
D:3:      nicolae_overflow_crystal_walls,
          chequers_ecumenical_altar_simple_redux, minmay_misc_feat_columns

Skill      XL: |  1  2 |
---------------+-------+-----
Stealth        | 3 |  3.5
Short Blades   | |  0.8
Dodging        | |  1.7
Spellcasting   | |  2.3
Hexes          | |  3.6
Ice Magic      | |  0.7

Action                   || total
-------------------------++-------
Melee: Dagger            ||   130
 Fire: Hunting sling     ||    35
 Cast: Corona            ||    25
       Ensorcelled Hiber ||     4
       Confuse           ||     3
  Use: Scroll            ||     4
       Potion            ||     2
 Stab: Sleeping          ||    11
       Distracted        ||     1
       Confused          ||     1
  Eat: Chunk             ||    14
Armor: Robe              ||    35
       Skin              ||    18
Dodge: Dodged            ||    69

Table legend:
 A = Non-vault XP
 B = Vault XP
 C = Vault XP percentage of total XP
 D = Non-vault monster count
 E = Vault monster count
 F = Vault count percentage of total count
                 A         B        C        D         E       F
            +---------+---------+-------+---------+---------+-------
      Total |      69 |      16 |  18.8 |      33 |      13 |  28.3
            +---------+---------+-------+---------+---------+-------
        D:1 |      16 |      12 |  42.9 |       9 |      12 |  57.1
        D:2 |      33 |       4 |  10.8 |      16 |       1 |   5.9
        D:3 |      20 |       0 |   0.0 |       8 |       0 |   0.0
            +---------+---------+-------+---------+---------+-------
